 Dungeon Crawl Stone Soup version 0.19-a0-1498-g0b85ae9 (webtiles) character file.

30 roguesci the Grasshopper (level 3, -3/32 HPs)
             Began as a Naga Warper on Sept 10, 2016.
             Slain by a crimson imp (4 damage)
             ... on level 1 of the Dungeon.
             The game lasted 00:05:23 (2059 turns).

roguesci the Grasshopper (Naga Warper)              Turns: 2059, Time: 00:05:24

Health: -3/32      AC:  2    Str: 12 (13) XL:     3   Next: 18%
Magic:  3/6        EV:  9    Int: 11 (13) God:
Gold:   34         SH:  0    Dex:  9 (11) Spells: 3 memorised, 1 level left

rFire  . . .     SeeInvis +     a - +0 falchion
rCold  . . .     Gourm    .     b - +0 leather armour
rNeg   . . .     Faith    .     (no shield)
rPois  +         Spirit   .     (no helmet)
rElec  .         Dismiss  .     (no cloak)
rCorr  .         Reflect  .     (no gloves)
MR     .....     Harm     .     (no barding)
Stlth  +.........               (no amulet)
                                (no ring)
                                (no ring)

@: very slightly contaminated, very slow
A: see invisible, deformed body, poison resistance, slowness 2, slow metabolism
1, spit poison 1, AC +1
a: Spit Poison


You were on level 1 of the Dungeon.
You were not hungry.

You visited 1 branch of the dungeon, and saw 2 of its levels.

You collected 34 gold pieces.

Inventory:

Hand Weapons
 a - a +0 falchion (weapon)
 l - a +0 dagger of speed
Missiles
 e - 5 tomahawks of dispersal
 k - 44 sling bullets (quivered)
Armour
 b - a +0 leather armour (worn)
Scrolls
 g - a scroll of recharging {unknown}
 h - a scroll of identify {unknown}
 j - a scroll of magic mapping {unknown}
Books
 c - a book of Spatial Translocations

   Spells                             Type                      Level
   a - Apportation                    Translocation                1
   b - Blink                          Translocation                2
   c - Shroud of Golubria             Charms/Translocation         2
   d - Portal Projectile              Translocation                3
   e - Teleport Other                 Translocation                3
   f - Passage of Golubria            Translocation                4
Comestibles
 f - 2 bread rations
 i - 3 chunks of flesh


   Skills:
 + Level 2.2 Fighting
 * Level 2.2 Long Blades
 - Level 0.8 Throwing
 + Level 1.0 Armour
 * Level 1.9 Dodging
 + Level 1.6 Stealth
 + Level 2.2 Spellcasting
 * Level 3.1 Translocations


You had one spell level left.
You knew the following spells:

 Your Spells              Type           Power        Failure   Level  Hunger
a - Apportation           Tloc           #.........   12%         1    ##.....
b - Shroud of Golubria    Chrm/Tloc      #.........   30%         2    ###....
c - Blink                 Tloc           N/A          17%         2    ###....


Dungeon Overview and Level Annotations

Branches:
Dungeon (2/15)

Altars:
Gozag


Innate Abilities, Weirdness & Mutations

You cannot wear boots.
Your serpentine skin is tough. (AC +1)
You have supernaturally acute eyesight. (SInv)
Armour fits poorly on your strangely shaped body.
Your system is resistant to poisons. (rPois)
You cover ground very slowly.
You have a slow metabolism.
You can spit poison.


Message History

The crimson imp picks up a beetle and eats it.
You slash the crimson imp!
The crimson imp is heavily wounded.
The crimson imp hits you.
* * * LOW HITPOINT WARNING * * *
You barely miss the crimson imp.
The crimson imp is heavily wounded.
The crimson imp blinks!
There is a stone staircase leading down here.
You hit the crimson imp.
The crimson imp is moderately wounded.
The crimson imp hits you.
* * * LOW HITPOINT WARNING * * *
You hit the crimson imp but do no damage.
The crimson imp is moderately wounded.
The crimson imp barely misses you.
You barely miss the crimson imp.
The crimson imp is lightly wounded.
The crimson imp hits you.
You die...

..# #.....####..#
######...........#
####.......###...#
.....#.....# #...#
...≈≈##....# #...#
§§≈≈≈##....# #...#
...≈.##....###...#
§§...##........#5#
.....##.#####...@#
≈....##.# #.####
≈≈...##.# #.#
≈≈≈..##.# #.#
≈≈≈)..#.# #.#
≈≈≈≈≈.#.#####.#
≈≈≈≈≈(........#
≈≈≈≈.(#########
..≈...#


You could see a crimson imp.

Vanquished Creatures
  2 giant geckos (D:1)
  A ball python (D:1)
  2 giant cockroaches
  3 goblins (D:1)
  6 hobgoblins
  7 bats
  3 giant newts (D:1)
  2 rats (D:1)
26 creatures vanquished.

Vanquished Creatures (others)
  2 goblins (D:1)
2 creatures vanquished.

Grand Total: 28 creatures vanquished

Notes
Turn   | Place    | Note
-------+----------+-------------------------------------------
     0 | D:1      | roguesci the Naga Warper began the quest for the Orb.
     0 | D:1      | Reached XP level 1. HP: 19/19 MP: 3/3
   721 | D:1      | Reached XP level 2. HP: 26/26 MP: 5/5
   730 | D:1      | Reached skill level 1 in Stealth
  1113 | D:1      | HP: 1/26 [hobgoblin/club (5)]
  1827 | D:1      | Learned a level 2 spell: Shroud of Golubria
  1830 | D:1      | Learned a level 2 spell: Blink
  1903 | D:2      | Reached XP level 3. HP: 28/32 MP: 6/6
  1975 | D:2      | Reached skill level 1 in Armour
  2022 | D:2      | Found an opulent altar of Gozag.
  2057 | D:1      | HP: 1/32 [crimson imp (2)]
  2059 | D:1      | Slain by a crimson imp

Vault maps used:
D:1:      minmay_arrival_plants_in_alcoves, lemuel_old_faithful
D:2:      first_bread, nicolae_gozag_seed_capital

Skill      XL: |  1  2  3 |
---------------+----------+-----
Stealth        | 1 |  1.6
Armour         | 1 |  1.0
Fighting       | |  2.2
Long Blades    | |  2.2
Throwing       | |  0.8
Dodging        | |  1.9
Spellcasting   | |  2.2
Translocations | |  3.1

Action                   || total
-------------------------++-------
Melee: Falchion          ||   126
  Use: Potion            ||     2
       Scroll            ||     1
 Stab: Sleeping          ||     1
  Eat: Meat ration       ||     1
Armor: Leather armour    ||    35
Dodge: Dodged            ||    68
